 Dungeon Crawl Stone Soup version 0.13.2 (webtiles) character file.

705 4tharraofdagon the Ruffian (level 7, 2/66 HPs)
             Began as a Troll Healer on May 9, 2015.
             Was a Believer of Elyvilon.
             Quit the game on Level 5 of the Dungeon.
             The game lasted 00:03:56 (928 turns).

4tharraofdagon the Ruffian (Troll Healer)            Turns: 928, Time: 00:03:56

HP   2/66        AC  6     Str 21      XL: 7   Next:  3%
MP   8/9         EV 10     Int  9      God: Elyvilon [**....]
Gold 175         SH  0     Dex 10      Spells:  0 memorised,  6 levels left

Res.Fire  : . . .   See Invis. : .     - Unarmed
Res.Cold  : . . .   Warding    : .   a - +1 robe
Life Prot.: . . .   Conserve   : .   (shield restricted)
Res.Poison: .       Res.Corr.  : .   (helmet restricted)
Res.Elec. : .       Clarity    : .   (no cloak)
Sust.Abil.: . .     Spirit.Shd : .   (gloves unavailable)
Res.Mut.  : .       Stasis     : .   (boots unavailable)
Res.Rott. : .       Flight     : .   (no amulet)
Gourmand  : +                        (no ring)
                                     (no ring)

@: slightly resistant to hostile enchantments, unstealthy
A: unfitting armour, claws 3, fast metabolism 3, gourmand, regeneration 2,
saprovore 2, tough skin 2, AC +1
a: Lesser Healing, Lesser Self-Healing, Divine Protection, Purification,
Renounce Religion


You were on level 5 of the Dungeon.
You worshipped Elyvilon.
Elyvilon was pleased with you.
You were very full.

You visited 1 branch of the dungeon, and saw 5 of its levels.

You collected 75 gold pieces.

Inventory:

Hand weapons
 n - a cursed +0,+0 flail
Armour
 a - a +1 robe (worn)
Magical devices
 q - a wand of random effects (8) {unknown}
Comestibles
 d - 2 meat rations
 l - a bread ration
 s - an apple
Scrolls
 e - 4 scrolls of identify {unknown}
 g - a scroll of curse weapon {unknown}
 h - a scroll of teleportation {unknown}
 j - a scroll of noise {unknown}
 m - a scroll of curse jewellery {unknown}
 p - a scroll of curse armour {unknown}
 t - a scroll of amnesia {unknown}
 u - a scroll of remove curse {unknown}
 v - a scroll of blinking {unknown}
Potions
 b - a potion of curing
 i - a potion of brilliance {unknown}
 k - a potion of paralysis {unknown}
 o - a potion of might {unknown}
 r - a potion of magic {unknown}


   Skills:
 + Level 3.1 Fighting
 + Level 2.9 Dodging
 * Level 4.5 Unarmed Combat
 + Level 4.5 Invocations


You had 6 spell levels left.
You didn't know any spells.

Dungeon Overview and Level Annotations

Branches:
Dungeon (5/27)
 Temple: D:4-7

Altars:
Fedhas
Xom


Innate Abilities, Weirdness & Mutations

You are too large for most types of armour.
You have claws for hands.
Your metabolism is lightning-fast.
You like to eat raw meat.
You heal very quickly.
You can eat rotten meat.
You are covered in fur (AC +1).
You have very tough skin (AC +2).


Message History

The magic dart hits you! The hound bites you but does no damage.
You hit the centaur but do no damage.
The centaur is heavily wounded.
The centaur closely misses you. The worker ant closely misses you.
The orc priest mumbles some strange prayers to Beogh against you.
Something smites you! The giant newt bites you. The hound barely misses you.
The crimson imp barely misses you. The centaur hits you!
* * * LOW HITPOINT WARNING * * *
The worker ant bites you!
* * * LOW HITPOINT WARNING * * *
Unknown command.
Drink which item? (? for menu, Esc to quit)
It has a very clean taste.
It was a potion of cure mutation.
The hound bites you but does no damage. The centaur hits you!
* * * LOW HITPOINT WARNING * * *
The giant newt closely misses you.
The crimson imp hits you but does no damage.
The crimson imp grinds its teeth.
The worker ant barely misses you. The orc wizard barely misses you.
Are you sure you want to abandon this character and quit the game? (Confirm with "yes".)

.... ...... ......###........
......<.#..........
.....................
.......................
........................
..........zo.............
......!...al5o.............
....(....((@hz..............
...........oc5..............
..........#oo..............
.........###...............
..........#................
............%...............
.............................
.............................#
......................#........


You could see a centaur (bleeding), a hound, a worker ant, 2 orc priests, an orc
wizard, 2 crimson imps, 2 orcs, a goblin zombie, a giant newt and an iguana
skeleton.

Vanquished Creatures
  A phantom (D:5)
  An ogre (D:4)
  A centaur (D:5)
  The ghost of tesudzi the Sneak, an average OpTm (D:3)
  2 hounds (D:5)
  A worker ant (D:5)
  3 gnolls
  A giant mite (D:1)
  3 adders
  An iguana skeleton (D:5)
  2 giant geckos
  An ooze (D:4)
  An orc (D:3)
  A ball python (D:5)
  4 bats
  A giant cockroach (D:5)
  3 hobgoblins (D:1)
  2 jackals (D:4)
  A quokka (D:5)
  2 giant newts
  2 goblins
  2 kobolds
  6 rats
  A rat skeleton (D:5)
44 creatures vanquished.

Notes
Turn   | Place    | Note
--------------------------------------------------------------
     0 | D:1      | 4tharraofdagon, the Troll Healer, began the quest for the Orb.
     0 | D:1      | Reached XP level 1. HP: 20/20 MP: 2/2
    49 | D:1      | Reached skill level 1 in Unarmed Combat
    49 | D:1      | Reached XP level 2. HP: 28/28 MP: 3/3
   407 | D:3      | Found a blossoming altar of Fedhas.
   436 | D:3      | Reached XP level 3. HP: 35/35 MP: 4/4
   464 | D:3      | Noticed tesudzi's ghost (average OpTm)
   485 | D:3      | Killed tesudzi's ghost
   485 | D:3      | Reached XP level 4. HP: 37/44 MP: 5/5
   626 | D:4      | Noticed an ogre
   635 | D:4      | Killed an ogre
   635 | D:4      | Reached skill level 4 in Invocations
   635 | D:4      | Reached XP level 5. HP: 32/50 MP: 6/6
   718 | D:5      | Entered Level 5 of the Dungeon
   747 | D:5      | Noticed a phantom
   748 | D:5      | Found a shimmering altar of Xom.
   769 | D:5      | Reached XP level 6. HP: 39/58 MP: 8/8
   821 | D:5      | Killed a phantom
   905 | D:5      | Noticed a centaur
   909 | D:5      | Noticed a centaur
   916 | D:5      | Killed a centaur
   916 | D:5      | Reached XP level 7. HP: 20/66 MP: 9/9
   919 | D:5      | HP: 3/66 [centaur (6)]
   927 | D:5      | HP: 2/66 [centaur (7)]
   928 | D:5      | Quit the game

Action                   |  1- 3 |  4- 6 |  7- 9 || total
-------------------------+-------+-------+-------++-------
Melee: Unarmed           |    56 |    98 |     6 ||   160
Invok: Lesser Self-Heali |       |       |     1 ||     1
  Use: Potion            |       |       |     4 ||     4
